[Event "Live Chess"]
[Site "Chess.com"]
[Date "2023.09.16"]
[Round "-"]
[White "P3treis"]
[Black "Du_Felix"]
[Result "0-1"]
[WhiteElo "904"]
[BlackElo "1932"]
[TimeControl "900+5"]
[EndTime "7:24:16 PDT"]
[Termination "Du_Felix venceu por desistência"]

1. e4 d6 2. d4 Nf6 3. Nc3 g6 4. Nf3 Bg7 5. Bg5 O-O 6. Bd3 Nbd7 7. e5 Ne8 8. O-O dxe5 9. dxe5 Nxe5 10. Nxe5 Bxe5 11.
Bh6 Bg7 12. Bxg7 Kxg7 13. h3 Nf6 14. Re1 Be6 15. Qe2 c6 16. Bc4 Bxc4 17. Qxc4 e6 18.
Rad1 Qc7 19. Ne4 Nxe4 20. Qxe4 Rad8 21. b4 Rxd1 22. Rxd1 Rd8 23. Rxd8 Qxd8 24. Qe5+ Kg8 25. c4 h5 26. a4 Qd1+ 27. Kh2 Qxa4 28. Qb8+ Kh7 29.
Qxb7 Kg7 30. b5 cxb5 31. cxb5 Qf4+ 32. g3 Qxf2+ 33. Kh1 e5 34. Qe4 Qd4 35. Qb7 e4 36.
g4 hxg4 37. hxg4 e3 38. Qg2 Qd1+ 39. Qg1 e2 0-1

[Event "Live Chess"]
[Site "Chess.com"]
[Date "2023.09.16"]
[Round "-"]
[White "MateusLuan08"]
[Black "KauaShelby015"]
[Result "1-0"]
[WhiteElo "1566"]
[BlackElo "1278"]
[TimeControl "900+5"]
[EndTime "7:24:20 PDT"]
[Termination "MateusLuan08 venceu por desistência"]

1. e4 c5 2. Nf3 d6 3. d4 cxd4 4. Nxd4 Nf6 5. Nc3 a6 6. Be3 Nc6 7. Bc4 b5 8. Bb3 e6 9. Nxc6 Qc7 10. Nd4 Qxc3+ 11. bxc3 1-0

[Event "Live Chess"]
[Site "Chess.com"]
[Date "2023.09.16"]
[Round "-"]
[White "RickBrasil"]
[Black "maylso"]
[Result "1/2-1/2"]
[WhiteElo "1863"]
[BlackElo "1429"]
[TimeControl "900+5"]
[EndTime "7:24:34 PDT"]
[Termination "Empate por repetição"]

1. e4 e5 2. Nf3 Nc6 3. d4 d6 4. dxe5 dxe5 5. Qxd8+ Nxd8 6. Be3 Bd6 7. Nfd2 Nf6 8. f3 O-O 9. Nc4 Nc6 10. Nxd6 cxd6 11. Nc3 Be6 12. O-O-O Rfd8 13. Bg5 h6 14. Bxf6 gxf6 15. Nb5 Rd7 16. Rxd6 Rxd6 17. Nxd6 Nd4 18. Nxb7 Rc8 19. c3 Bxa2 20. Na5 Rc5 21. Nb7 Nb3+ 22.
Kc2 Rc7 23. Nd6 Rd7 24. Nc4 Na1+ 25. Kc1 Nb3+ 26. Kc2 Na1+ 27. Kc1 Nb3+ 28. Kc2 1/2-1/2

[Event "Live Chess"]
[Site "Chess.com"]
[Date "2023.09.16"]
[Round "-"]
[White "abaakate"]
[Black "vitinho_lawliet"]
[Result "1-0"]
[WhiteElo "1916"]
[BlackElo "934"]
[TimeControl "900+5"]
[EndTime "7:24:40 PDT"]
[Termination "abaakate venceu por xeque-mate"]

1. d4 d5 2. c4 e6 3. Nf3 Nf6 4.
g3 Nc6 5. Bg2 e5 6. dxe5 Ng4 7.
cxd5 Ncxe5 8. Qa4+ Bd7 9. Qe4 Qe7 10. Nxe5 Nxe5 11. Bf4 f5 12. Qxe5 Qxe5 13. Bxe5 O-O-O 14. Nc3 Re8 15. Bf4 Bb4 16. O-O Bxc3 17. bxc3 Rxe2 18. Rfe1 Rhe8 19. Be3 Rc2 20. Bd4 Rce2 21. Rxe2 Rxe2 22. Bxg7 Bb5 23. a4 Bc4 24. Bd4 b6 25. a5 b5 26.
Bxa7 Rc2 27. Bd4 Rd2 28. a6 b4 29. a7 bxc3 30. a8=Q+ Kd7 31. Qc6+ Kc8 32. Re1 Be2 33. d6 Kd8 34. Qxc7+ Ke8 35. Qe7# 1-0

[Event "Live Chess"]
[Site "Chess.com"]
[Date "2023.09.16"]
[Round "-"]
[White "Edson_Zarnelli"]
[Black "kslusk"]
[Result "1-0"]
[WhiteElo "785"]
[BlackElo "819"]
[TimeControl "900+5"]
[EndTime "7:24:44 PDT"]
[Termination "Edson_Zarnelli venceu por desistência"]

1. e4 e6 2. Nf3 d5 3. Nc3 dxe4 4.
Nxe4 Nf6 5. d3 Nxe4 6. dxe4 Qxd1+ 7. Kxd1 Bd6 8. Be3 Nc6 9. Bd4 f6 10. Bc4 e5 11. Bc3 Bg4 12. h3 Bxf3+ 13. gxf3 O-O-O 14. Rg1 Bb4+ 15. Ke2 Bxc3 16. bxc3 g6 17. Bd5 Ne7 18. Rgd1 Nxd5 19. exd5 Rd7 20. a4 Rhd8 21.
c4 f5 22. h4 h6 23. Rg1 Rg8 24. h5 g5 25. Rad1 c6 26. dxc6 Rxd1 27. Rxd1 bxc6 28.
Rd6 g4 29. Rxc6+ Kd7 30. Rxh6 Rg5 31. Rg6 Rxg6 32. hxg6 Ke7 33. fxg4 fxg4 34. f3 Ke6 35. fxg4 Kf6 36. Kf3 Kxg6 37. Kg3 Kg5 38. c5 e4 39. c6 1-0

[Event "Live Chess"]
[Site "Chess.com"]
[Date "2023.09.16"]
[Round "-"]
[White "gu1c0rrea"]
[Black "fernanndodod"]
[Result "0-1"]
[WhiteElo "811"]
[BlackElo "1954"]
[TimeControl "900+5"]
[EndTime "7:25:25 PDT"]
[Termination "fernanndodod venceu por desistência"]

1. e4 e5 2. Nf3 Nc6 3. Bb5 a6 4. Ba4 Nf6 5. Qe2 b5 6. Bb3 Bc5 7. O-O d6 8. d3 Bg4 9. h3 Bxf3 10. Qxf3 O-O 11. Be3 Nd4 12. Bxd4 Bxd4 13. c3 Bb6 14. d4 exd4 15. cxd4 Bxd4 16. Nc3 Bxc3 17. bxc3 Re8 18. Bc2 Qd7 19. Qd3 Qc6 20. e5 dxe5 21. Rfe1 e4 22. Qe3 Nd5 23. Qd4 Qxc3 24. Qxc3 Nxc3 25. Rac1 b4 26.
Bb3 c5 27. Re3 a5 28. Rce1 Rad8 29. Bc4 Rd4 30. Bb3 h6 31. f3 Nd5 32. Bxd5 Rxd5 33.
fxe4 Rd2 34. a3 c4 35. e5 Rd3 36. axb4 axb4 37. Re4 Rc3 38. Ra1 b3 39. Rb1 Rc2 40.
Kh2 b2 41. Re3 c3 0-1

[Event "Live Chess"]
[Site "Chess.com"]
[Date "2023.09.16"]
[Round "-"]
[White "Abofado"]
[Black "Mozart5501"]
[Result "0-1"]
[WhiteElo "576"]
[BlackElo "1788"]
[TimeControl "900+5"]
[EndTime "7:25:39 PDT"]
[Termination "Mozart5501 venceu por desistência"]

1. e4 e5 2. Nf3 Nc6 3. d4 exd4 4.
Nxd4 Bc5 5. Nb3 Bb6 6. Nc3 Nf6 7. e5 Nxe5 8. Qe2 Qe7 9. Bf4 d6 10. O-O-O Neg4 11. Qb5+ Bd7 12. Qg5 O-O-O 13. Qg6 0-1

[Event "Live Chess"]
[Site "Chess.com"]
[Date "2023.09.16"]
[Round "-"]
[White "vitinho_lawliet"]
[Black "kslusk"]
[Result "0-1"]
[WhiteElo "924"]
[BlackElo "847"]
[TimeControl "900+5"]
[EndTime "7:26:42 PDT"]
[Termination "kslusk venceu por desistência"]

1. e4 e6 2. Nf3 d5 3. e5 c5 4. d4 cxd4 5. Qxd4 Nc6 6. Qa4 Bd7 7.
Bd2 Nce7 8. Bb5 Bxb5 9. Qxb5+ Qd7 10. Qb4 Nf5 11. Nc3 Bxb4 0-1

[Event "Live Chess"]
[Site "Chess.com"]
[Date "2023.09.16"]
[Round "-"]
[White "fernanndodod"]
[Black "Mozart5501"]
[Result "1-0"]
[WhiteElo "1958"]
[BlackElo "1784"]
[TimeControl "900+5"]
[EndTime "7:26:46 PDT"]
[Termination "fernanndodod venceu por desistência"]

1. e4 e5 2. Nf3 Nc6 3. Bb5 a6 4. Ba4 Nf6 5. O-O Be7 6. Re1 b5 7. Bb3 O-O 8. a4 Bb7 9. d3 Na5 10. c3 Nxb3 11. Qxb3 bxa4 12. Qxb7 1-0

[Event "Live Chess"]
[Site "Chess.com"]
[Date "2023.09.16"]
[Round "-"]
[White "zxsimon"]
[Black "Mika635Isa"]
[Result "1-0"]
[WhiteElo "1480"]
[BlackElo "532"]
[TimeControl "900+5"]
[EndTime "7:26:58 PDT"]
[Termination "zxsimon venceu por desistência"]

1. e4 e5 2. Nf3 Nf6 3. Nxe5 Nxe4 4.
Qe2 d6 5. Qxe4 Qe7 6. d4 dxe5 7. Qxe5 f6 8. Qxe7+ Bxe7 9. Bf4 c6 10. Bc4 b5 11.
Bd3 O-O 12. O-O Nd7 13. Nd2 Nb6 14. b3 Nd5 15. Bg3 Nc3 16. Ne4 b4 17. Nxc3 bxc3 18.
Bc4+ Kh8 19. d5 cxd5 20. Bxd5 Rd8 21. Bxa8 Ba6 22. Rfe1 Rxa8 23. Rxe7 Bb5 24. Rd1 Re8 25. Rxe8+ Bxe8 26. Rd8 Kg8 27. Rxe8+ Kf7 28. Rc8 Ke6 29. Rxc3 Kd5 30. b4 g5 31. b5 h5 32. a4 Ke4 33. a5 f5 34. b6 Kd4 35. Rc8 f4 36.
Bxf4 gxf4 37. b7 Ke4 38. b8=Q f3 39. Rc4+ Kd5 40. Qb5+ Kd6 41. Rc6+ 1-0

[Event "Live Chess"]
[Site "Chess.com"]
[Date "2023.09.16"]
[Round "-"]
[White "AlphaKaua10"]
[Black "Giulliajapa007"]
[Result "1-0"]
[WhiteElo "1074"]
[BlackElo "1006"]
[TimeControl "900+5"]
[EndTime "7:27:01 PDT"]
[Termination "AlphaKaua10 venceu por xeque-mate"]

1. d4 d5 2. c4 e6 3. cxd5 exd5 4. Nf3 Nc6 5. e3 Nf6 6. g3 a6 7. Bg2 Bg4 8. O-O Qd7 9. Nc3 Bh3 10. Ne5 Qe6 11.
Nxc6 bxc6 12. f4 Bxg2 13. Kxg2 Qf5 14. b4 Ng4 15. h3 Nf6 16. Qa4 Qe6 17. f5 Qd6 18. b5 cxb5 19. Nxb5 Qc6 20. Nxc7+ Kd7 21. Qxc6+ Kxc6 22. Nxa8 Ne4 23. Rb1 Bd6 24. Rb6+ Kd7 25. g4 Rxa8 26. g5 Nxg5 27. Kf2 Nxh3+ 28. Ke2 Ng5 29.
f6 g6 30. Rb7+ Ke8 31. e4 dxe4 32. Bxg5 Rd8 33. Rfb1 Bc7 34. Rxc7 Rxd4 35. Rb8+ Rd8 36. Rxd8+ Kxd8 37. Rxf7 Ke8 38. Rxh7 Kf8 39. f7 a5 40. Be3 g5 41. Bc5# 1-0

[Event "Live Chess"]
[Site "Chess.com"]
[Date "2023.09.16"]
[Round "-"]
[White "ArthurMPRJ"]
[Black "mary260210"]
[Result "1-0"]
[WhiteElo "1388"]
[BlackElo "887"]
[TimeControl "900+5"]
[EndTime "7:27:39 PDT"]
[Termination "ArthurMPRJ venceu por desistência"]

1. d4 d5 2. c4 dxc4 3. e3 Nc6 4.
Bxc4 Nf6 5. Nc3 e5 6. d5 Nb4 7.
a3 Na6 8. Bxa6 bxa6 9. e4 Bg4 10. f3 Bd7 11. Nge2 Bc5 12. Qd3 O-O 13. Be3 Bxe3 14.
Qxe3 c6 15. O-O cxd5 16. exd5 Bc8 17. Qxe5 Re8 18. Qd4 Rb8 19. b4 Ra8 20. Rfd1 Bb7 21. d6 Qd7 22. Rac1 Red8 23. Ng3 Qxd6 24. Qxd6 Rxd6 25.
Rxd6 Ne8 26. Rd3 Bc6 27. Nce4 Bb5 28. Rdc3 Rd8 29. Rc8 Rxc8 30. Rxc8 Bd7 31. Ra8 f5 32. Nd6 Kf8 33. Nxe8 Bxe8 34. Nxf5 Kf7 35. Nd6+ Ke7 36.
Nxe8 Ke6 37. Nxg7+ 1-0

[Event "Live Chess"]
[Site "Chess.com"]
[Date "2023.09.16"]
[Round "-"]
[White "KiwiDoFbi"]
[Black "Gustavinh13"]
[Result "1-0"]
[WhiteElo "1315"]
[BlackElo "1919"]
[TimeControl "900+5"]
[EndTime "7:27:41 PDT"]
[Termination "KiwiDoFbi venceu por desistência"]

1. e4 c6 2. d4 d5 3. e5 Bf5 4.
h4 h6 5. g4 Be4 6. f3 Bg6 7.
h5 Bh7 8. Bd3 Bxd3 9. Qxd3 e6 10. Ne2 Qb6 11. Nbc3 c5 12. Be3 c4 13. Qd2 Bb4 14.
O-O-O a5 15. a3 Be7 16. Na4 Qb3 17. cxb3 cxb3 18. Nc5 b5 19. Nc3 b4 20. Nb5 Kf8 21.
axb4 axb4 22. Qxb4 Ra1+ 23. Kd2 1-0

[Event "Live Chess"]
[Site "Chess.com"]
[Date "2023.09.16"]
[Round "-"]
[White "ABC2009V"]
[Black "ravypintodiniz"]
[Result "0-1"]
[WhiteElo "2003"]
[BlackElo "2048"]
[TimeControl "900+5"]
[EndTime "7:27:51 PDT"]
[Termination "ravypintodiniz venceu por xeque-mate"]

1. e4 c5 2. Nf3 d6 3. d4 cxd4 4. Nxd4 Nf6 5. Nc3 a6 6. Bc4 e6 7. Bb3 Be7 8. O-O O-O 9. Kh1 b5 10. f4 b4 11. Nce2 Nxe4 12. f5 d5 13. fxe6 fxe6 14. Nf4 Nc5 15. Nf3 Nxb3 16. axb3 Bd6 17. Nxd5 Bxh2 18. Nxb4 Bd6 19. Nd5 Bb7 20. Bg5 Qe8 21.
Nb6 Qh5+ 22. Bh4 Rxf3 23. Rxf3 Qxh4+ 24. Kg1 Bc5+ 25. Kf1 Qh1+ 26. Ke2 Qxg2+ 27. Kd3 Bxf3 28.
Qe1 Qg6+ 29. Kd2 Qg5+ 30. Kc3 Qf6+ 31. Kc4 Qd4# 0-1

[Event "Live Chess"]
[Site "Chess.com"]
[Date "2023.09.16"]
[Round "-"]
[White "lucasportolelis"]
[Black "Riquelme_Leonardo"]
[Result "1-0"]
[WhiteElo "1690"]
[BlackElo "1677"]
[TimeControl "900+5"]
[EndTime "7:27:53 PDT"]
[Termination "lucasportolelis venceu por desistência"]

1. e4 e5 2. Nf3 Nc6 3. Bc4 Nf6 4. Ng5 d5 5. exd5 Nd4 6. c3 Nf5 7. Qe2 Bd6 8. O-O O-O 9. d4 exd4 10. Qf3 dxc3 11.
Nxc3 Nd4 12. Qd3 Nf5 13. Re1 Bd7 14. Nce4 Nxe4 15. Qxe4 Re8 16. Ne6 fxe6 17. dxe6 Bxh2+ 18. Kxh2 Qh4+ 19. Qxh4 Nxh4 20. exd7+ 1-0

[Event "Live Chess"]
[Site "Chess.com"]
[Date "2023.09.16"]
[Round "-"]
[White "brenin12345"]
[Black "xadrecarloso"]
[Result "1-0"]
[WhiteElo "768"]
[BlackElo "936"]
[TimeControl "900+5"]
[EndTime "7:29:04 PDT"]
[Termination "brenin12345 venceu por desistência"]

1. e4 c5 2. Nf3 a6 3. d4 d6 4. d5 b5 5. c4 Nf6 6. Nbd2 bxc4 7. Bxc4 Bg4 8. O-O Bxf3 9. Qxf3 Nbd7 10. Qa3 a5 11. f3 Ne5 12. Bb5+ Nfd7 13. Nc4 Nxc4 14.
Bxc4 g6 15. Bd2 a4 16. Bb5 Qb6 17. Bxa4 c4+ 18. Be3 Qxe3+ 19. Qxe3 Rxa4 20. b3 cxb3 21. Qxb3 Rd4 22. Qb7 f6 23. Qc8+ Kf7 24. Qxd7 Bg7 25.
Qe6+ Ke8 26. Rfb1 Rd1+ 27. Rxd1 f5 28. Rac1 Bd4+ 1-0

[Event "Live Chess"]
[Site "Chess.com"]
[Date "2023.09.16"]
[Round "-"]
[White "Mozart5501"]
[Black "vitinho_lawliet"]
[Result "1-0"]
[WhiteElo "1784"]
[BlackElo "924"]
[TimeControl "900+5"]
[EndTime "7:29:48 PDT"]
[Termination "Mozart5501 venceu por xeque-mate"]

1. e4 e6 2. d4 d5 3. exd5 Qxd5 4. Nf3 Bb4+ 5. c3 Bd6 6. Bd3 e5 7. dxe5 Bxe5 8. O-O Bxh2+ 9. Kxh2 Qh5+ 10. Kg1 Nf6 11.
Re1+ Be6 12. Bc4 Ng4 13. Bxe6 fxe6 14. Rxe6+ Kf7 15. Re4 Rf8 16. Rxg4 Qxg4 17. Ne5+ Kg8 18. Qxg4 Nc6 19. Qe6+ Kh8 20. Nf7+ Kg8 21. Nh6+ Kh8 22. Qg8+ Rxg8 23. Nf7# 1-0

[Event "Live Chess"]
[Site "Chess.com"]
[Date "2023.09.16"]
[Round "-"]
[White "Edson_Zarnelli"]
[Black "abaakate"]
[Result "0-1"]
[WhiteElo "785"]
[BlackElo "1916"]
[TimeControl "900+5"]
[EndTime "7:29:54 PDT"]
[Termination "abaakate venceu por xeque-mate"]

1. e4 c5 2. c3 Nf6 3. e5 Nd5 4.
c4 Nb6 5. Bd3 Nc6 6. Nf3 d6 7.
exd6 Qxd6 8. Be2 Bg4 9. Ng5 Bxe2 10. Qxe2 Nd4 11. Qe4 Nxc4 12. b3 f5 13. Qxb7 Rb8 14. Qxa7 Qe5+ 15. Kf1 Qe2+ 16. Kg1 Qe1# 0-1

[Event "Live Chess"]
[Site "Chess.com"]
[Date "2023.09.16"]
[Round "-"]
[White "IanFLS"]
[Black "Torugomilho11"]
[Result "1-0"]
[WhiteElo "1875"]
[BlackElo "1123"]
[TimeControl "900+5"]
[EndTime "7:29:55 PDT"]
[Termination "IanFLS venceu por desistência"]

1. e4 c6 2. d4 d5 3. f3 e6 4. Nc3 Nf6 5. Bg5 Be7 6. Bd3 h6 7. Bh4 Nbd7 8. Nge2 Nb6 9. Qd2 Bd7 10. e5 Ng8 11. Bxe7 Nxe7 12. O-O-O O-O 13. g4 a5 14. f4 Qc7 15. Rhg1 c5 16. f5 c4 17. fxe6 fxe6 18. g5 cxd3 19. gxh6 Nf5 20. hxg7 Nxg7 21. Qg5 Bb5 22. Nf4 dxc2 23. Rde1 Be8 24. Nxe6 1-0

[Event "Live Chess"]
[Site "Chess.com"]
[Date "2023.09.16"]
[Round "-"]
[White "z_anne_ari"]
[Black "daniel-drummond"]
[Result "1/2-1/2"]
[WhiteElo "1268"]
[BlackElo "1546"]
[TimeControl "900+5"]
[EndTime "7:30:11 PDT"]
[Termination "Partida empatada por acordo"]

1. d4 d5 2. c4 e6 3. Nc3 Nf6 4. Nf3 Be7 5. Bg5 O-O 6. e3 h6 7. Bxf6 Bxf6 8. cxd5 exd5 9. Bd3 c6 10. O-O Bg4 11. Bc2 Nd7 12. Qd3 g6 13. e4 dxe4 14. Nxe4 Bf5 15. Nxf6+ Qxf6 16. Qc3 Bxc2 17. Qxc2 Rac8 18.
Rae1 c5 19. Ne5 Nxe5 20. dxe5 Qg5 21. Qc4 Rfe8 22. e6 Qf5 23. exf7+ Qxf7 24. Rxe8+ Rxe8 25. Qxc5 b6 26. Qb5 Rf8 27. f4 Qxa2 28. g3 Qa5 29. Qb3+ Kg7 30. g4 Qc5+ 31. Kg2 Qc6+ 32. Kg3 Qd6 33.
Qc3+ Kh7 34. h4 a5 35. g5 h5 36. Qe3 a4 37. Kg2 b5 38. f5 gxf5 39. Qa7+ Kg6 40.
Qe3 Qd5+ 41. Kg3 Qb3 42. Qxb3 axb3 43. Kf4 Rd8 44. Ke5 Rf8 45. Rd1 Re8+ 46. Kf4 Re4+ 47. Kg3 Rg4+ 48. Kh3 Kf7 49. Rd5 Ke6 50. Rxb5 Re4 51.
g6 Kf6 52. Rb6+ Kg7 53. Rxb3 Kxg6 54. Rb6+ Kf7 55. b4 f4 56. Kg2 f3+ 57. Kxf3 Rxh4 58. b5 Rb4 59. Rb7+ Ke8 60. b6 Kd8 1/2-1/2

[Event "Live Chess"]
[Site "Chess.com"]
[Date "2023.09.16"]
[Round "-"]
[White "MateusLuan08"]
[Black "gu1c0rrea"]
[Result "1-0"]
[WhiteElo "1563"]
[BlackElo "810"]
[TimeControl "900+5"]
[EndTime "7:30:12 PDT"]
[Termination "MateusLuan08 venceu por desistência"]

1. e4 e5 2. Nf3 Nc6 3. d4 Qf6 4.
Bg5 Qd6 5. d5 f6 6. Be3 Nb4 7.
a3 Na6 8. Be2 Nc5 9. O-O Nxe4 10.
Bd3 Nc5 11. Bc4 e4 12. Nd4 Qe5 13. Nc3 Bd6 14. g3 h5 15. Bf4 Qe7 16. Nf5 Qf7 17.
Bxd6 cxd6 18. Nxd6+ 1-0

[Event "Live Chess"]
[Site "Chess.com"]
[Date "2023.09.16"]
[Round "-"]
[White "Samueeeseeel"]
[Black "dani_reitas"]
[Result "1-0"]
[WhiteElo "914"]
[BlackElo "1002"]
[TimeControl "900+5"]
[EndTime "7:30:41 PDT"]
[Termination "Samueeeseeel venceu por desistência"]

1. c4 e6 2. Nc3 d5 3. cxd5 exd5 4. g3 Nf6 5. Bg2 Be7 6. e3 c5 7. d4 O-O 8. Nge2 Nc6 9. O-O Bf5 10. a3 Re8 11. Nf4 Ne4 12. Ncxd5 cxd4 13. Nxe7+ Rxe7 14. exd4 Nxd4 15. Re1 Qb6 16. b4 Rae8 17. Bb2 h6 18. Qxd4 Qxd4 19. Bxd4 b6 20. Re3 Nd2 21. Rae1 Be4 22.
Bxe4 Nxe4 23. Nd5 Re6 24. Nc7 Nxf2 25. Nxe8 Rxe3 26. Re2 1-0

[Event "Live Chess"]
[Site "Chess.com"]
[Date "2023.09.16"]
[Round "-"]
[White "NavarroChess09"]
[Black "icarohm"]
[Result "0-1"]
[WhiteElo "1343"]
[BlackElo "1877"]
[TimeControl "900+5"]
[EndTime "7:30:50 PDT"]
[Termination "icarohm venceu por desistência"]

1. d4 d5 2. Nc3 Bf5 3. Nf3 e6 4.
e3 c5 5. dxc5 Bxc5 6. Bb5+ Nd7 7. O-O Nf6 8. Ne5 O-O 9. Bxd7 Nxd7 10. Nxd7 Qxd7 11. Qf3 Rac8 12. e4 dxe4 13. Nxe4 Bb6 14. Nc3 Bc7 15. Bf4 e5 16. Be3 b6 17. Qe2 Qe6 18. f4 exf4 19. Bxf4 Bxf4 20. Qxe6 Bxh2+ 21. Kxh2 Bxe6 22. Rae1 Rfd8 23. Rd1 h6 24. Rxd8+ Rxd8 25. Rf2 Kh7 26. Nb5 a6 27. Nc7 a5 28. Nxe6 fxe6 29. Re2 Re8 30. c4 Kg6 31. g4 Kg5 32. Kg3 e5 33. b3 g6 34. a4 h5 35. gxh5 gxh5 36. Re4 Re6 37. Kh3 Kf5 38. Rh4 Rh6 39.
Kg3 e4 40. Rf4+ Ke5 41. Rh4 Kd4 42. Kf4 Kd3 43. Ke5 e3 44. Rd4+ Kc3 45. Re4 Kxb3 46. Rxe3+ Kxc4 47. Re4+ Kc5 48. Kf5 h4 49. Kg5 Rh8 50.
Re5+ Kc6 51. Re6+ Kb7 52. Re7+ Ka6 53. Re5 h3 54. Re2 h2 55. Rxh2 Rxh2 56. Kf5 Ra2 0-1

[Event "Live Chess"]
[Site "Chess.com"]
[Date "2023.09.16"]
[Round "-"]
[White "vitinho_lawliet"]
[Black "abaakate"]
[Result "0-1"]
[WhiteElo "924"]
[BlackElo "1916"]
[TimeControl "900+5"]
[EndTime "7:31:12 PDT"]
[Termination "abaakate venceu por xeque-mate"]

1. e4 c5 2. Nf3 Nc6 3. Nc3 e6 4. e5 Qc7 5. Bc4 Nxe5 6. Nxe5 Qxe5+ 7.
Ne2 d5 8. Bb5+ Bd7 9. Bxd7+ Kxd7 10. O-O Nf6 11. c3 Bd6 12. d4 Qxh2# 0-1

[Event "Live Chess"]
[Site "Chess.com"]
[Date "2023.09.16"]
[Round "-"]
[White "maylso"]
[Black "KauaShelby015"]
[Result "1-0"]
[WhiteElo "1434"]
[BlackElo "1273"]
[TimeControl "900+5"]
[EndTime "7:31:17 PDT"]
[Termination "maylso venceu por desistência"]

1. d4 d5 2. c4 c6 3. Nf3 Nf6 4. Nc3 Bf5 5. Bf4 Nbd7 6. e3 Nh5 7. Bg3 Nxg3 8. fxg3 e6 9. Be2 Bb4 10. a3 Bxc3+ 11.
bxc3 O-O 12. Bd3 Bxd3 13. Qxd3 Rc8 14. O-O c5 15. cxd5 exd5 16. Rab1 c4 17. Qf5 g6 18.
Qxd5 Re8 19. Ne5 Nxe5 20. Qxd8 Rcxd8 21. dxe5 Rxe5 22. Rxb7 Red5 23. Rxa7 R8d7 24. Rxd7 Rxd7 25. a4 Rd3 26. Rc1 Rxe3 27. Kf2 Re6 28. Rb1 Ra6 29. Rb4 Rc6 30. Ke3 Kf8 31. Kd4 Ke7 32. Rxc4 Rxc4+ 33. Kxc4 Kd6 34. Kb5 Kd5 35. c4+ Kd6 36. Kb6 1-0

[Event "Live Chess"]
[Site "Chess.com"]
[Date "2023.09.16"]
[Round "-"]
[White "Francisco_Ferrari"]
[Black "Froidastics"]
[Result "1-0"]
[WhiteElo "2178"]
[BlackElo "1970"]
[TimeControl "900+5"]
[EndTime "7:31:33 PDT"]
[Termination "Francisco_Ferrari venceu por desistência"]

1. e4 c5 2. Nf3 d6 3. d4 cxd4 4. Nxd4 Nf6 5. Nc3 a6 6. h3 e5 7. Nf3 Be6 8. Bg5 Be7 9. Bxf6 Bxf6 10. Nd5 Nd7 11. Bc4 b5 12. Bb3 Rc8 13. O-O O-O 14. a4 Bxd5 15. Bxd5 bxa4 16. Rxa4 Nb6 17. Rxa6 Nxd5 18.
Qxd5 Rxc2 19. Rxd6 Qb8 20. Nxe5 Bxe5 21. Qxe5 Rd2 22.
Rd5 Qxe5 23. Rxe5 Rxb2 24. Rd1 g6 25. Rd7 Rc8 26. Ree7 Rc1+ 27. Kh2 Rxf2 28. Rd3 Rcc2 29. Rg3 Rfe2 30. Ra7 Rxe4 31. Rf3 f5 32. Rd3 Re8 33. Rdd7 Rb2 34. Rg7+ Kh8 35. Rxh7+ Kg8 36. Rhg7+ Kh8 37. Rxg6 Rbe2 38. Rgg7 R2e4 39. Rgf7 f4 40. h4 f3 41. Rh7+ Kg8 42. gxf3 Re2+ 43. Kg3 Re1 44. h5 Rg1+ 45. Kf2 Rh1 46. h6 1-0

[Event "Live Chess"]
[Site "Chess.com"]
[Date "2023.09.16"]
[Round "-"]
[White "zxsimon"]
[Black "fernanndodod"]
[Result "1/2-1/2"]
[WhiteElo "1487"]
[BlackElo "1951"]
[TimeControl "900+5"]
[EndTime "7:31:36 PDT"]
[Termination "Partida empatada por acordo"]

1. e4 e5 2. Nf3 Nc6 3. Bc4 Bc5 4.
Nc3 Nf6 5. d3 d6 6. h3 Be6 7. Bg5 Bxc4 8. dxc4 h6 9. Bh4 g5 10. Bg3 Qe7 11. Nd5 Nxd5 12. cxd5 Nd4 13. Nxd4 Bxd4 14. c3 Bb6 15. Qd2 O-O-O 16. a4 a6 17. b4 h5 18. f3 g4 19. b5 a5 20.
Bf2 Bxf2+ 21. Qxf2 Kb8 22. b6 gxf3 23. gxf3 Rc8 24.
Rb1 f5 25. exf5 e4 26. f4 Qf6 27. Qd4 Qxf5 28. bxc7+ Rxc7 29. Qxh8+ 1/2-1/2

[Event "Live Chess"]
[Site "Chess.com"]
[Date "2023.09.16"]
[Round "-"]
[White "mary260210"]
[Black "KiwiDoFbi"]
[Result "1-0"]
[WhiteElo "902"]
[BlackElo "1287"]
[TimeControl "900+5"]
[EndTime "7:32:17 PDT"]
[Termination "mary260210 venceu por desistência"]

1. d4 e5 2. dxe5 Nc6 3. Nf3 Qe7 4. Bg5 Qb4+ 5. c3 Qxb2 6. Nbd2 Qxc3 7. Rc1 Qa3 8. Nc4 Bb4+ 9. Bd2 Bxd2+ 10. Qxd2 Qe7 11. e4 Nh6 12. Bd3 Ng4 13. Qf4 d6 14. exd6 cxd6 15. Nxd6+ 1-0

[Event "Live Chess"]
[Site "Chess.com"]
[Date "2023.09.16"]
[Round "-"]
[White "zezemito921"]
[Black "Megruo988"]
[Result "0-1"]
[WhiteElo "920"]
[BlackElo "1710"]
[TimeControl "900+5"]
[EndTime "7:32:31 PDT"]
[Termination "Megruo988 venceu por xeque-mate"]

1. e4 e5 2. Bc4 Nf6 3. Nf3 Nc6 4. d3 Be7 5. O-O O-O 6. c3 d5 7. exd5 Nxd5 8. Re1 Bg4 9. Nbd2 Na5 10. h3 Bh5 11.
g4 Bg6 12. Rxe5 Nxc4 13. dxc4 Nf4 14. Kh2 Bd6 15. Rb5 Bd3 16. Nb3 Bxc4 17. Rf5 Ne2+ 18.
Kg2 Re8 19. Nbd4 Nxd4 20. Qxd4 Be6 21. Rg5 f6 22. Rb5 c5 23. Qa4 Bd7 24. Qc4+ Kh8 25. Rxb7 Bc6 26. Rb3 Qe7 27. Bd2 Qe5 28. Re1 Qh2+ 29. Kf1 Qh1+ 30. Ng1 Bg2# 0-1

[Event "Live Chess"]
[Site "Chess.com"]
[Date "2023.09.16"]
[Round "-"]
[White "Abofado"]
[Black "kslusk"]
[Result "0-1"]
[WhiteElo "573"]
[BlackElo "854"]
[TimeControl "900+5"]
[EndTime "7:32:58 PDT"]
[Termination "kslusk venceu por xeque-mate"]

1. e4 e6 2. Nf3 d5 3. exd5 exd5 4.
d4 Nc6 5. Ng5 g6 6. Qf3 Be6 7.
Nc3 Be7 8. Nxe6 fxe6 9. Ne2 Nf6 10.
Nf4 Qd6 11. Nxe6 Qxe6+ 12. Be3 O-O 13. Be2 Ng4 14. Qh3 h5 15. Bh6 Nxd4 16. O-O-O Nxe2+ 17. Kb1 Qf5 18. Rde1 Nxh6 19. Rxe2 Qxh3 20. gxh3 Nf5 21. Rxe7 Nxe7 22. Re1 Rae8 23. f4 Rxf4 24. a3 Rf2 25.
Rxe7 Rxe7 26. Ka2 Rxh2 27. Kb3 Rxh3+ 28. Kb4 Rh2 29. Kc5 Rxc2+ 30. Kxd5 Rxb2 31. Kc5 h4 32. Kd5 h3 33. Kc5 h2 34. Kd5 h1=Q+ 35. Kc5 Qc1+ 36.
Kd5 Qc6+ 37. Kd4 Rd2# 0-1

[Event "Live Chess"]
[Site "Chess.com"]
[Date "2023.09.16"]
[Round "-"]
[White "Torugomilho11"]
[Black "z_anne_ari"]
[Result "1-0"]
[WhiteElo "1145"]
[BlackElo "1257"]
[TimeControl "900+5"]
[EndTime "7:33:07 PDT"]
[Termination "Torugomilho11 venceu por desistência"]

1. d4 Nf6 2. Bf4 g6 3. e3 Bg7 4. Nf3 O-O 5. Nbd2 d6 6. c3 Nbd7 7. Bd3 Nh5 8. Bg3 e5 9. dxe5 dxe5 10. Qe2 Nxg3 11. hxg3 h5 12. O-O-O Nc5 13. Bc2 Bg4 14. Ne4 Nxe4 15. Rxd8 Raxd8 16. Bxe4 1-0

[Event "Live Chess"]
[Site "Chess.com"]
[Date "2023.09.16"]
[Round "-"]
[White "ABC2009V"]
[Black "Riquelme_Leonardo"]
[Result "1-0"]
[WhiteElo "2005"]
[BlackElo "1675"]
[TimeControl "900+5"]
[EndTime "7:33:42 PDT"]
[Termination "ABC2009V venceu por desistência"]

1. e4 c5 2. Nf3 Nc6 3. d4 cxd4 4. Nxd4 e5 5. Nb5 Qa5+ 6. Bd2 Bb4 7. N1c3 a6 8. Na3 Bxa3 9. bxa3 Qxa3 10. Nd5 Nge7 11. Nc7+ Kd8 12. Nxa8 Qa4 13. Bd3 d5 14. Nb6 Qd4 15.
Nxc8 Kxc8 16. O-O dxe4 17. Be3 Qd6 18. Bxe4 1-0